Map: Automaton LE

Players

AiDeMiGoDMSi

  • Race: Terran Terran
  • League: Grandmaster
  • Spawn Location: 3:00

Neuro - Winner!

  • Race: Zerg Zerg
  • League: Grandmaster
  • Spawn Location: 9:00

VOD

Have the link to the VOD?

Description

Time

  • Played on: May 10, 2019, 10:55 p.m.
  • Length: 22:21
Show
View Real Time Build Order
Export as new Build Order

AiDeMiGoDMSi Terran 

Build Orders: Reaper Expand, Hellion Banshee, Mech 

Get SALT Encoding   

  12  0:01  SCV  
  13  0:13  SCV  
  14  0:19  Supply Depot  
  14  0:25  SCV  
  15  0:40  SCV  
  15  0:42  Barracks  
  16  0:47  Refinery  
  16  0:52  SCV  
  17  1:04  SCV  
  18  1:16  SCV  
  19  1:29  Orbital Command  
  19  1:31  Reaper  
  20  1:46  Command Center  
  20  1:55  SCV  
  20  1:57  Supply Depot  
  21  2:02  Marine  
  22  2:11  SCV  
  23  2:20  Factory  
  23  2:21  Refinery  
  23  2:23  SCV  
  23  2:25  Barracks Reactor  
  24  2:35  SCV  
  25  2:47  SCV  
  26  2:59  SCV  
  26  3:00  SCV  
  28  3:08  Starport  
  28  3:11  SCV  
  28  3:13  Orbital Command  
  28  3:16  Barracks Tech Lab, Hellion x2  
  31  3:23  SCV  
  32  3:35  SCV  
  32  3:37  Hellion  
  32  3:38  Hellion  
  32  3:39  SCV  
  38  3:48  SCV  
  39  3:51  Supply Depot  
  39  3:53  Banshee, Cloaking Field  
  42  3:59  Hellion x2  
  46  4:05  Armory  
  46  4:12  SCV x2  
  46  4:13  Supply Depot  
  48  4:20  Hellion  
  48  4:21  Hellion  
  52  4:24  SCV x2  
  54  4:36  Banshee, SCV x2  
  54  4:37  Supply Depot  
  59  4:48  SCV x2  
  61  4:55  Refinery  
  61  4:57  Refinery  
  61  5:01  Command Center, SCV  
  61  5:03  Factory  
  62  5:07  SCV  
  62  5:08  Barracks Tech Lab  
  62  5:09  Factory  
  63  5:15  SCV  
  56  5:27  SCV  
  55  5:29  SCV  
  55  5:31  Banshee, Terran Vehicle And Ship Armor Level 1  
  55  5:39  SCV  
  55  5:41  Hellion x2, SCV  
  59  5:50  Supply Depot  
  59  5:52  SCV  
  59  5:53  SCV  
  61  5:57  Factory Tech Lab  
  61  6:00  Factory  
  61  6:03  Factory, Hellion x2  
  61  6:04  SCV  
  61  6:24  Hellion  
  61  6:25  Supply Depot  
  61  6:31  SCV  
  62  6:37  SCV  
  69  6:48  Factory Tech Lab  
  69  6:49  Starport Reactor  
  69  6:52  Thor x2  
  75  6:57  SCV  
  75  6:58  Factory Reactor  
  75  7:00  SCV  
  77  7:09  SCV  
  77  7:13  SCV  
  79  7:16  Infernal Pre-Igniter  
  79  7:17  Refinery, Hellion x2  
  79  7:19  SCV  
  79  7:21  Refinery  
  79  7:22  Armory  
  84  7:25  SCV  
  85  7:33  Medivac x2  
  85  7:36  SCV  
  90  7:38  Hellion  
  90  7:41  SCV  
  93  7:46  Thor x2  
  93  7:50  Engineering Bay  
  93  7:52  Siege Tank  
  93  7:53  Hellion x2  
  93  7:55  Orbital Command  
  93  7:57  Command Center  
  100  8:03  Supply Depot  
  94  8:15  SCV  
  94  8:19  Missile Turret  
  92  8:20  Missile Turret  
  92  8:21  Missile Turret, SCV  
  92  8:23  Missile Turret, SCV  
  92  8:26  Terran Vehicle And Ship Armor Level 2  
  94  8:27  SCV  
  94  8:33  SCV  
  96  8:49  Thor  
  96  8:51  Siege Tank  
  96  8:52  Terran Vehicle Weapons Level 1, Hellion  
  96  8:54  SCV  
  108  8:56  SCV  
  108  8:57  SCV  
  110  9:08  SCV  
  111  9:16  Siege Tank  
  114  9:17  Hellion  
  114  9:18  Hellion x3  
  114  9:19  SCV x2  
  124  9:31  Missile Turret  
  118  9:34  Siege Tank  
  118  9:35  Siege Tank  
  120  9:39  Missile Turret  
  120  9:50  Siege Tank  
  120  9:51  Hellion x2  
  114  10:02  Hellion  
  114  10:06  Siege Tank  
  114  10:07  Siege Tank  
  99  10:09  Hellion  
  99  10:10  SCV  
  95  10:23  Siege Tank  
  100  10:28  Hellion  
  99  10:38  Siege Tank  
  98  10:48  Thor  
  100  10:58  Terran Vehicle Weapons Level 2  
  100  10:59  Terran Vehicle And Ship Armor Level 3  
  100  11:06  SCV  
  101  11:30  SCV  
  102  11:38  Thor, Command Center  
  102  11:39  Hellion  
  110  11:41  Refinery, Command Center  
  110  11:45  SCV  
  106  11:58  Hellion  
  106  12:01  Command Center  
  108  12:09  Hellion  
  108  12:15  Supply Depot  
  110  12:18  Siege Tank  
  110  12:25  Siege Tank  
  110  12:26  Hellion  
  110  12:29  Supply Depot x2  
  109  12:36  Siege Tank  
  109  12:37  Hellion x2  
  116  12:43  Supply Depot  
  116  12:45  Sensor Tower  
  116  12:48  Hellion  
  116  12:50  Siege Tank, Viking x2  
  125  12:58  Hellion  
  127  13:01  Barracks  
  127  13:14  Missile Turret  
  127  13:23  SCV  
  127  13:26  Viking x2  
  132  13:27  Siege Tank  
  132  13:28  Hellion  
  137  13:34  Terran Vehicle Weapons Level 3  
  137  13:48  Siege Tank  
  140  13:50  Thor  
  136  13:59  Siege Tank  
  137  14:09  Viking  
  139  14:15  Hellion  
  141  14:20  Siege Tank  
  141  14:21  Viking  
  146  14:29  Missile Turret  
  146  14:31  Siege Tank  
  146  14:38  Siege Tank  
  152  14:40  Hellion x2  
  152  14:42  Terran Ship Weapons Level 1  
  156  14:46  Orbital Command  
  156  14:58  Viking x2  
  156  15:15  Siege Tank, Hellion  
  161  15:28  Siege Tank  
  161  15:29  Siege Tank, Hellion  
  151  15:46  Supply Depot x2  
  151  15:47  Siege Tank  
  151  15:48  Supply Depot x2  
  151  15:49  Command Center  
  154  15:52  Viking  
  156  16:03  Factory Reactor  
  156  16:07  Viking  
  152  16:22  Thor x2  
  152  16:23  Siege Tank  
  167  16:33  Orbital Command  
  166  16:48  Viking x2  
  166  16:50  Terran Ship Weapons Level 2  
  170  17:00  Hellion x2  
  174  17:14  Thor  
  180  17:27  Viking  
  182  17:30  Viking  
  179  18:01  Thor  
  163  18:23  Viking x2, Hellion  
  156  18:44  Siege Tank  
  156  18:45  Factory Reactor  
  139  18:52  Hellion  
  105  19:06  Orbital Command x2  
  105  19:15  SCV  
  105  19:16  Siege Tank, Factory  
  106  19:25  Factory Tech Lab  
  106  19:27  Orbital Command  
  103  19:32  Factory Tech Lab  
  100  19:41  Hellion  
  100  19:42  Hellion  
  104  19:52  SCV  
  105  19:56  Factory x2  
  105  19:57  Factory  
  105  20:05  SCV  
  105  20:06  Viking x2, Hellion x2  
  105  20:07  Cyclone x2  
  101  20:08  Factory Tech Lab  
  101  20:09  Cyclone  
  101  20:11  Mag-Field Accelerator  
  96  20:27  Hellion  
  83  20:31  Orbital Command  
  83  20:32  Refinery, Hellion  
  83  20:34  Refinery, Cyclone  
  88  20:39  Cyclone  
  88  20:40  Factory Reactor  
  88  20:41  Cyclone, Factory Reactor  
  88  20:42  Factory Reactor  
  94  20:55  Cyclone, Hellion x2  
  101  21:06  Cyclone  
  101  21:11  Cyclone, Orbital Command  
  107  21:12  Supply Depot  
  107  21:13  Supply Depot, Cyclone  
  107  21:16  Hellion x2  
  97  21:25  Hellion  
  97  21:26  Hellion x2  
  97  21:27  Cyclone  
  97  21:30  Orbital Command  
  95  21:38  Cyclone  
  98  21:45  Cyclone  
  104  21:47  Cyclone, Hellion  
  104  21:51  Hellion  
  108  21:56  Hellion  
Show
View Real Time Build Order
Export as new Build Order

Neuro Zerg - Winner!

Build Orders: Hatch First 

Get SALT Encoding   

  12  0:01  Drone  
  13  0:13  Overlord  
  13  0:18  Drone  
  14  0:31  Drone x2  
  16  0:51  Hatchery  
  16  0:53  Drone  
  16  0:56  Drone  
  17  1:00  Drone  
  18  1:11  Extractor  
  17  1:16  Spawning Pool  
  16  1:18  Drone  
  16  1:22  Drone  
  18  1:34  Drone  
  19  1:43  Drone  
  20  1:52  Overlord  
  20  2:03  Queen  
  20  2:04  Queen  
  20  2:05  Zergling x4  
  26  2:12  Metabolic Boost  
  26  2:16  Drone x2  
  28  2:23  Drone  
  28  2:26  Drone  
  30  2:34  Drone  
  30  2:35  Overlord  
  30  2:46  Queen  
  30  2:48  Drone x2  
  34  3:01  Spore Crawler  
  34  3:06  Drone x3  
  34  3:10  Drone  
  38  3:17  Hatchery, Drone x4  
  41  3:22  Overlord  
  41  3:25  Drone  
  42  3:31  Drone x2  
  44  3:38  Overlord  
  44  3:40  Queen  
  46  3:43  Drone x3  
  46  3:48  Drone x3  
  52  3:55  Overlord  
  52  3:56  Lair  
  52  4:01  Drone x2  
  54  4:06  Zergling x4  
  56  4:13  Baneling Nest  
  55  4:17  Drone x4  
  55  4:22  Drone x4  
  63  4:26  Spore Crawler  
  63  4:28  Spore Crawler  
  61  4:32  Spore Crawler, Queen  
  61  4:37  Zergling x6  
  65  4:49  Overlord  
  65  4:50  Zergling x2  
  65  4:52  Overlord x2  
  66  4:57  Baneling x6  
  66  5:02  Overlord x3  
  66  5:06  Queen  
  68  5:18  Zergling x16  
  68  5:21  Zergling x2  
  62  5:28  Zergling x8  
  62  5:30  Queen  
  62  5:31  Queen  
  62  5:33  Extractor, Drone x2  
  62  5:34  Drone x2  
  62  5:35  Extractor  
  66  5:36  Drone  
  66  5:39  Drone  
  66  5:40  Overseer  
  66  5:45  Drone  
  66  5:47  Drone  
  66  5:49  Overseer  
  68  5:52  Drone x2  
  68  5:56  Extractor  
  69  5:58  Drone  
  69  6:01  Drone  
  68  6:12  Drone x4  
  71  6:19  Drone x6  
  71  6:21  Spire  
  71  6:22  Drone  
  75  6:28  Drone  
  75  6:29  Pneumatized Carapace  
  75  6:31  Drone x2  
  76  6:33  Extractor x2  
  74  6:44  Queen  
  74  6:45  Queen  
  78  6:50  Drone x6  
  78  6:51  Drone  
  85  6:55  Zergling x6  
  85  7:00  Overlord  
  85  7:01  Overlord, Hatchery  
  87  7:11  Evolution Chamber, Roach Warren  
  82  7:38  Mutalisk x8  
  82  7:41  Zerg Missile Weapons Level 1  
  98  7:49  Drone x3  
  101  7:58  Overlord x2  
  101  7:59  Glial Reconstitution  
  101  8:02  Drone x7  
  108  8:07  Roach x5  
  118  8:17  Roach x5  
  128  8:22  Baneling x2  
  128  8:23  Roach  
  128  8:24  Roach x3  
  128  8:25  Overlord x2  
  134  8:39  Roach x6  
  134  8:40  Roach x4  
  150  8:51  Roach x3  
  150  8:52  Roach x2  
  150  8:54  Extractor  
  159  8:56  Infestation Pit  
  158  9:05  Roach x4  
  158  9:07  Overlord x7  
  166  9:23  Hydralisk Den  
  167  9:24  Spine Crawler, Drone x3  
  167  9:25  Spine Crawler  
  166  9:31  Extractor  
  166  9:35  Roach x9  
  182  9:43  Baneling x9  
  176  9:53  Roach x7  
  167  10:02  Roach x5  
  167  10:06  Roach x2  
  149  10:18  Roach x8  
  159  10:33  Hive, Zerg Missile Weapons Level 2  
  157  10:37  Grooved Spines  
  129  10:57  Hydralisk  
  129  10:58  Hatchery, Hydralisk x7  
  144  11:10  Hydralisk  
  144  11:11  Hydralisk x5  
  156  11:24  Ravager  
  157  11:45  Hydralisk  
  157  11:46  Hydralisk x11  
  173  11:49  Muscular Augments  
  173  11:54  Viper x2  
  175  12:16  Mutalisk x3  
  177  12:30  Drone x3  
  177  12:31  Drone x10  
  188  12:37  Zerg Flyer Weapons Level 1  
  188  12:53  Hydralisk x6  
  188  12:55  Overseer x2  
  200  13:15  Spine Crawler x2, Drone x2  
  194  13:21  Hydralisk  
  194  13:22  Hydralisk x6  
  194  13:25  Zerg Missile Weapons Level 3  
  194  13:26  Nydus Network  
  179  13:43  Hydralisk x9  
  189  13:53  Hydralisk  
  189  13:54  Hydralisk x3  
  181  14:06  Roach x6  
  181  14:07  Roach x3  
  197  14:18  Overseer  
  197  14:19  Nydus Network  
  197  14:22  Extractor  
  195  14:25  Spore Crawler, Extractor  
  193  14:51  Hydralisk  
  193  14:52  Hydralisk x2  
  199  14:57  Nydus Canal  
  189  15:07  Viper x3  
  189  15:11  Nydus Canal  
  180  15:39  Swarm Host x9  
  167  15:46  Zergling x18  
  167  15:47  Zergling x48  
  186  16:12  Swarm Host x4  
  183  16:28  Zerg Ground Armor Level 1  
  183  16:29  Greater Spire  
  173  16:32  Hatchery  
  153  16:41  Swarm Host x8  
  177  16:58  Hydralisk  
  177  16:59  Hydralisk x6  
  191  17:07  Centrifical Hooks  
  191  17:29  Swarm Host  
  186  17:30  Swarm Host x3  
  195  17:51  Baneling  
  195  17:52  Baneling x5  
  195  17:56  Nydus Canal  
  195  17:57  Nydus Canal  
  195  18:02  Hydralisk x2  
  193  18:10  Hydralisk x9  
  196  18:17  Hydralisk x3  
  196  18:18  Hydralisk x2  
  193  18:43  Hydralisk x6  
  193  18:47  Hydralisk x3  
  193  18:48  Hydralisk  
  198  18:50  Zergling x12  
  174  18:58  Hydralisk  
  174  18:59  Hydralisk x8  
  193  19:08  Overlord x3  
  192  19:10  Baneling x6  
  190  19:30  Hydralisk  
  190  19:31  Hydralisk x4  
  192  19:32  Nydus Canal  
  192  19:33  Nydus Canal  
  200  19:50  Hatchery  
  195  20:21  Hydralisk  
  195  20:22  Hydralisk  
  199  20:33  Nydus Canal  
  199  20:40  Baneling x3  
  199  20:42  Overseer x2  
  199  20:49  Hatchery  
  198  20:56  Hatchery  
  197  21:08  Extractor  
  197  21:10  Extractor  
  193  21:24  Hydralisk x3  
  195  21:38  Overlord x2  
  195  21:45  Spine Crawler  
  195  21:46  Spine Crawler  
  193  21:48  Spore Crawler  
  193  21:51  Baneling x2  
  193  21:52  Spore Crawler  
  191  21:54  Overlord  
  191  21:55  Overlord x2  
  191  22:01  Spine Crawler  
  191  22:03  Spine Crawler  
Tags
 
Add a new tag
Caveats
  • Supply blocks, unpowered buildings, or Contaminate may cause inaccurate times.
  • Supply counts are checked every 10 seconds.